 Dungeon Crawl Stone Soup version 0.28-a0-1629-gf728b707aa (webtiles) character file.

Game seed: 4989754460162867996

330 Ijustatesigmund the Skirmisher (level 6, 0/40 HPs)
             Began as a Gargoyle Fighter on Jan 24, 2022.
             Slain by a gnoll (5 damage)
             ... on level 5 of the Dungeon.
             The game lasted 00:04:08 (4127 turns).

Ijustatesigmund the Skirmisher (Gargoyle Fighter)   Turns: 4127, Time: 00:04:08

Health: 0/40       AC: 12    Str: 22    XL:     6   Next: 51%
Magic:  6/6        EV:  9    Int:  8    God:
Gold:   136        SH:  5    Dex:  9    Spells: 3/5 levels left

rFire   . . .      SeeInvis .   a - +0 flail
rCold   . . .      Faith    .   c - +1 buckler
rNeg    + . .      Spirit   .   b - +0 scale mail
rPois   ∞          Reflect  .   (no helmet)
rElec   +          Harm     .   l - +0 cloak
rCorr   +          Rampage  .   (no gloves)
Will    .....                   (no boots)
Stlth   ..........              (no amulet)
HPRegen 0.13/turn               f - ring of resist corrosion
MPRegen 0.10/turn               e - ring of wizardry

@: no status effects
A: sickness immunity, AC +4, negative energy resistance 1, electricity
resistance, torment resistance 1, petrification resistance
a: no special abilities


You were on level 5 of the Dungeon.
You visited 1 branch of the dungeon, and saw 5 of its levels.

You collected 136 gold pieces.

Inventory:

Hand Weapons
 a - a +0 flail (weapon)
Armour
 b - a +0 scale mail (worn)
 c - a +1 buckler (worn)
 l - a +0 cloak (worn)
Jewellery
 e - a ring of wizardry (right hand)
 f - a ring of resist corrosion (left hand)
 g - a ring of magical power
Scrolls
 d - a scroll of teleportation
 h - a scroll of enchant armour
 k - a scroll of immolation
Potions
 i - a potion of haste {unknown}
 j - 3 potions of curing


   Skills:
 + Level 5.5 Fighting
 + Level 4.4 Maces & Flails
 - Level 3.2 Armour
 - Level 3.2 Shields
 + Level 2.2 Translocations


You had 3 spell levels left.
You knew the following spells:

 Your Spells              Type           Power      Damage    Failure   Level
a - Blink                 Tloc           6%         N/A       34%         2

Your spell library contained the following spells:

 Spells                   Type           Power      Damage    Failure   Level
 Dazzling Flash           Conj/Hex       0%         N/A       85%         3
 Frozen Ramparts          Ice            0%         1d2       85%         3
 Iskenderun's Mystic Bla  Conj/Tloc      1%         2d3       97%         4
 Ice Form                 Ice/Tmut       0%         N/A       99%         4
 Summon Ice Beast         Ice/Summ       0%         N/A       99%         4
 Manifold Assault         Tloc           3%         N/A       99%         5
 Starburst                Conj/Fire      0%         6d3       100%        6
 Storm Form               Tmut/Air       0%         N/A       100%        7


Dungeon Overview and Level Annotations

Branches:
Dungeon (5/15)
 Temple: D:4-7

Altars:

Shops:
D:1 (   D:3 :

Annotations:
D:2 Sigmund


Innate Abilities, Weirdness & Mutations

You are immune to sickness and miasma.
Your stone body is resilient. (AC +4)
You are immune to poison.
You resist negative energy. (rN+)
You are resistant to electric shocks. (rElec)
You are resistant to unholy torment.
You are immune to petrification.


Message History

You block the gnoll's attack.
You block the howler monkey skeleton's attack.
You sock the howler monkey skeleton!
The howler monkey skeleton is heavily damaged.
The gnoll hits you but does no damage.
You block the howler monkey skeleton's attack.
The gnoll barely misses you.
You thump the howler monkey skeleton!
The howler monkey skeleton is almost destroyed.
The howler monkey skeleton hits you but does no damage.
The gnoll closely misses you.
You hit the howler monkey skeleton.
You destroy the howler monkey skeleton!
The gnoll barely misses you.
You sock the hound skeleton!
The hound skeleton is moderately damaged.
The hound skeleton bites you but does no damage.
The gnoll hits you from afar with a +0 halberd.
The hound skeleton bites you.
You hit the hound skeleton but do no damage.
The hound skeleton is moderately damaged.
You block the hound skeleton's attack.
The gnoll hits you from afar with a +0 halberd.
* * * LOW HITPOINT WARNING * * *
You hit the hound skeleton.
The hound skeleton is heavily damaged.
The hound skeleton bites you but does no damage.
You block the gnoll's attack.
The hound skeleton bites you but does no damage.
The gnoll closely misses you.
You barely miss the hound skeleton.
The hound skeleton is heavily damaged.
The hound skeleton closely misses you.
The gnoll hits you from afar with a +0 halberd.
* * * LOW HITPOINT WARNING * * *
You block the hound skeleton's attack.
You thump the hound skeleton!
You destroy the hound skeleton!
The gnoll hits you from afar with a +0 halberd.
You die...

.......#........#
#.<........#
####....##.####
.>.....##.......#
#########.##.##<#
.#######.##.##.#
.........##....#
.#.......#####.#
........g)@....#
........####...#
##......# #.###
#.###### #.# #
#.# #.# #.# #.#
#.#


You could see a gnoll.

Vanquished Creatures
  A gnoll sergeant (D:5)
  A centaur zombie (D:4)
  A centaur skeleton (D:4)
  Jessica (D:3)
  An iguana (D:4)
  A hound skeleton (D:5)
  Robin (D:2)
  3 gnolls (D:5)
  A howler monkey skeleton (D:5)
  An adder (D:4)
  2 worms
  2 dart slugs
  7 ball pythons
  5 bats
  8 endoplasms
  5 giant cockroaches
  12 goblins
  9 hobgoblins
  7 jackals
  8 kobolds
  3 quokkas (D:1)
  4 frilled lizards
  3 rats
87 creatures vanquished.

Notes
Turn   | Place    | Note
-------+----------+-------------------------------------------
     0 | D:1      | Ijustatesigmund the Gargoyle Fighter began the quest for
                  | the Orb.
     0 | D:1      | Reached XP level 1. HP: 14/14 MP: 1/1
     3 | D:1      | Noticed an electric eel
     4 | D:1      | Noticed an electric eel
    44 | D:1      | Reached XP level 2. HP: 4/19 MP: 2/2
   629 | D:1      | Reached XP level 3. HP: 24/24 MP: 3/3
   650 | D:1      | Reached skill level 4 in Fighting
   854 | D:1      | Found Asuss's Antique Weapon Shoppe.
  1361 | D:2      | Found a faded altar of an unknown god.
  1691 | D:2      | Noticed Sigmund
  1733 | D:2      | Reached XP level 4. HP: 30/30 MP: 4/4
  1744 | D:2      | Identified the +2 helmet of Tomp {Will+}
  1744 | D:2      | Noticed Robin
  1754 | D:2      | Killed Robin
  2305 | D:3      | Found Fusuk's Book Shoppe.
  2348 | D:3      | Learned a level 2 spell: Blink
  2542 | D:3      | Noticed Jessica
  2548 | D:3      | Killed Jessica
  2549 | D:3      | Reached XP level 5. HP: 34/34 MP: 5/5
  3026 | D:4      | Reached skill level 1 in Translocations
  3164 | D:4      | Reached skill level 5 in Fighting
  3605 | D:4      | Reached XP level 6. HP: 36/40 MP: 6/6
  4011 | D:5      | Entered Level 5 of the Dungeon
  4127 | D:5      | Slain by a gnoll

Illustrated notes

Levels and vault maps discovered:
D:1:      arrival_aquarium_b, layout_basic, serial_shops, shop
D:2:      layout_basic, chequers_ecumenical_altar_simple_redux,
          minmay_misc_feat_diagonals, uniq_robin, uniq_sigmund, uniq_natasha
D:3:      layout_basic, serial_shops, shop, chequers_big_river,
          chequers_decorated_corner, uniq_jessica
D:4:      layout_basic, nrook_campfire, chequers_serial_rivers_large_a
D:5:      layout_loops_cross

Skill      XL: |  1  2  3  4  5  6 |
---------------+-------------------+-----
Fighting       | 4 5 |  5.5
Maces & Flails | 3 4 |  4.4
Translocations | 1 2 |  2.2
Armour         | |  3.2
Shields        | |  3.2

Action                   |  1- 3 |  4- 6 || total
-------------------------+-------+-------++-------
Melee: Flail             |   169 |   152 ||   321
  Use: Scroll            |     3 |     6 ||     9
       Potion            |     1 |       ||     1
Armor: Scale mail        |   130 |    78 ||   208
Dodge: Dodged            |   117 |    79 ||   196
Block: Buckler           |    37 |    38 ||    75

Table legend: (Time is in decaauts)
 A = Elapsed time spent in this place.
 B = Non-inter-level travel time spent in this place.
 C = Inter-level travel time spent in this place.
 D = Time resting spent in this place.
 E = Time spent auto-exploring this place.
 F = Levels seen in this place.
 G = Mean time per level.
                   A        B        C        D        E       F      G
               +--------+--------+--------+--------+--------+-----+--------+
         Total |   4236 |   4132 |    104 |    897 |   2557 |   5 |  847.2 |
       Dungeon |   4236 |   4132 |    104 |    897 |   2557 |   5 |  847.2 |
               +--------+--------+--------+--------+--------+-----+--------+

Top non-repeatable levels by time:
     D:1: 1322 daAuts
     D:4: 1257 daAuts
     D:3: 950 daAuts
     D:2: 585 daAuts
     D:5: 119 daAuts
